 Dungeon Crawl Stone Soup version 0.30-a0-632-g346586fe48 (webtiles) character file.

Game seed: 642084815161392557

781 tilp the Ducker (level 8, -3/67 HPs)
             Began as a Meteoran Fighter on Jan 13, 2023.
             Slain by a scorpion (5 damage)
             ... on level 5 of the Dungeon.
             The game lasted 00:09:47 (1896 turns).

tilp the Ducker (Meteoran Fighter)                  Turns: 1896, Time: 00:09:48

Health: -3/67      AC: -3    Str: 18    XL:     8   Next: 32%
Magic:  9/9        EV: 11    Int:  9    God:
Gold:   198        SH:  5    Dex: 16    Spells: 7/7 levels left

rFire   . . .      SeeInvis .    a - +0 long sword
rCold   . . .      Faith    .    c - +0 buckler
rNeg    . . .      Spirit   .    h - +1 scale mail
rPois   .          Reflect  .    (no helmet)
rElec   .          Harm     .    (no cloak)
rCorr   .          Rampage  .    (no gloves)
Will    +....                    (no boots)
Stlth   +                        (no amulet)
HPRegen 0.31/turn                (no ring)
MPRegen 0.11/turn                (no ring)

@: lethally poisoned (-3 -> -10), corroded, glowing
A: sense surroundings 1, otherworldly, glowing, explore regen
a: no special abilities


You were on level 5 of the Dungeon.
You visited 1 branch of the dungeon, and saw 5 of its levels.

You collected 198 gold pieces.

Inventory:

Hand Weapons
 a - a +0 long sword (weapon)
 b - a +2 dagger of flaming
 d - a +2 vampiric whip
Missiles
 g - 4 javelins (quivered)
 k - 24 stones
Armour
 c - a +0 buckler (worn)
 h - a +1 scale mail (worn)
Jewellery
 u - a ring of magical power
Wands
 l - a wand of polymorph (5)
Scrolls
 f - 2 scrolls of amnesia
 j - a scroll of teleportation
 n - a scroll of butterflies {unknown}
 s - a scroll of enchant armour
Potions
 e - 2 potions of resistance
 i - a potion of curing {unknown}
 m - a potion of attraction
 o - a potion of degeneration
 p - a potion of flight {unknown}
 q - a potion of brilliance
 r - a potion of berserk rage {unknown}
 t - 2 potions of mutation {unknown}


   Skills:
 + Level 4.8 Fighting
 + Level 4.9 Long Blades
 + Level 2.2 Throwing
 + Level 4.8 Armour
 + Level 4.9 Dodging
 + Level 2.7 Stealth
 - Level 4.0 Shields
 * Level 1.2 Evocations


You had 7 spell levels left.
You didn't know any spells.
Your spell library was empty.

Dungeon Overview and Level Annotations

Branches:
Dungeon (5/15) Zot: 1004
 Temple: D:4-7

Altars:

Shops:
D:1 (   D:4 =


Innate Abilities, Weirdness & Mutations

You passively map a small area around you.
You are easily found by Zot.
You glow in the dark.
You regain HP and MP as you explore.


Message History

You block the scorpion's attack.
You barely miss the scorpion. The scorpion stings you.
You hit the scorpion but do no damage. The scorpion completely misses you.
You hit the scorpion.
The scorpion is moderately wounded.
You block the scorpion's attack. The scorpion misses you.
You barely miss the scorpion.
The scorpion is moderately wounded.
The scorpion stings you.
You are poisoned.
The scorpion poisons you!
You closely miss the scorpion.
The scorpion is moderately wounded.
You feel very sick. The scorpion stings you. x2
You hit the scorpion but do no damage.
The scorpion is moderately wounded.
You feel sick. The scorpion stings you!
* * * LOW HITPOINT WARNING * * *
You hit the scorpion but do no damage.
The scorpion is moderately wounded.
You feel sick. You block the scorpion's attack.
You hit the scorpion but do no damage.
The scorpion is moderately wounded.
You feel sick. The scorpion stings you!
* * * LOW HITPOINT WARNING * * *
The scorpion stings you.
* * * LOW HITPOINT WARNING * * *
You closely miss the scorpion.
The scorpion is moderately wounded.
You feel sick. The scorpion stings you.
* * * LOW HITPOINT WARNING * * *
You are lethally poisoned!
The scorpion poisons you!
You closely miss the scorpion.
The scorpion is moderately wounded.
* * * LOW HITPOINT WARNING * * *
You feel very sick. You block the scorpion's attack. The scorpion stings you.
You die...

##.............### .##... * #...
# #...........# ,,*#.##.
#..........# ,,,... ##
*#.........## # .##, #. *
#.......#..## .# , , #.
####.......##..## ,.# * #.
.#.........###..##*..# #..#
............###..#..# * ##.#
.............###@s$.# #...
..............###..#####..###...#
##......##...... ..............#
##....## #..... ..#...........#
#....# #.., ..# #....#....
.##....# , #..# #.......##
........## ##.. ..## #........#
.........###..# #..# *#.......##
.### #.....# ..# #.........


You could see a scorpion.

Vanquished Creatures
  A black bear (D:5)
  An ogre (D:4)
  3 scorpions (D:5)
  A gnoll sergeant (D:4)
  A hound (D:5)
  A jelly (D:5)
  3 orc wizards
  10 gnolls
  7 adders
  An ufetubus (D:4)
  3 worms
  4 dart slugs
  8 orcs
  5 bats
  5 endoplasms
  A giant cockroach (D:2)
  2 goblins (D:2)
  9 hobgoblins
  7 kobolds
  4 ball pythons
  2 frilled lizards
  A rat (D:1)
80 creatures vanquished.

Vanquished Creatures (others)
  5 plants (D:2)
5 creatures vanquished.

Grand Total: 85 creatures vanquished

Notes
Turn   | Place    | Note
-------+----------+-------------------------------------------
     0 | D:1      | tilp the Meteoran Fighter began the quest for the Orb.
     0 | D:1      | Reached XP level 1. HP: 19/19 MP: 2/2
    31 | D:1      | Found a faded altar of an unknown god.
   104 | D:1      | Reached XP level 2. HP: 24/26 MP: 3/3
   155 | D:1      | Found Laniacwytu's Antique Weapon Shop.
   161 | D:1      | Reached skill level 1 in Dodging
   294 | D:2      | Reached XP level 3. HP: 30/31 MP: 4/4
   488 | D:2      | Reached XP level 4. HP: 32/40 MP: 5/5
   663 | D:3      | Reached skill level 1 in Stealth
   663 | D:3      | Reached XP level 5. HP: 46/46 MP: 6/6
   715 | D:4      | Noticed an ogre
   722 | D:4      | Killed an ogre
   723 | D:4      | Reached XP level 6. HP: 11/52 MP: 7/7
  1119 | D:4      | Reached XP level 7. HP: 29/59 MP: 8/8
  1122 | D:4      | Reached skill level 1 in Throwing
  1180 | D:4      | Found Kedaff's Jewellery Shoppe.
  1335 | D:5      | Entered Level 5 of the Dungeon
  1546 | D:5      | Reached XP level 8. HP: 64/67 MP: 9/9
  1811 | D:5      | Reached skill level 1 in Evocations
  1896 | D:5      | HP: 2/67 [poisoned by a scorpion]
  1896 | D:5      | Slain by a scorpion

Illustrated notes

Levels and vault maps discovered:
D:1:      spicycebolla_green_bress_n_ham_2, layout_loops_ring,
          ebering_ecumenical_altar_webs, serial_shops, shop
D:2:      minmay_angry_zag, layout_loops_ring, basic_altar, serial_bayou,
          serial_bayou_pond_b, serial_bayou_ford_a, serial_bayou_pond_e,
          serial_bayou_lagoon_b, serial_bayou_pond_e, serial_bayou_shore_b
D:3:      layout_loops_ring, lemuel_coloured_pillars_altar
D:4:      layout_loops_cross, serial_shops, shop, minmay_starry_boxes
D:5:      layout_layer_cave

Skill      XL: |  1  2  3  4  5  6  7  8 |
---------------+-------------------------+-----
Dodging        | 1 2 3 4 |  4.9
Armour         | 4 |  4.8
Stealth        | 1 2 |  2.7
Shields        | 4 |  4.0
Fighting       | 4 |  4.8
Long Blades    | 3 4 |  4.9
Throwing       | 2 |  2.2
Evocations     | 1 |  1.2

Action                   |  1- 3 |  4- 6 |  7- 9 || total
-------------------------+-------+-------+-------++-------
Melee: Long sword        |    68 |   141 |   148 ||   357
Throw: Javelin           |       |       |     2 ||     2
  Use: Potion            |       |     2 |       ||     2
       Scroll            |       |       |     8 ||     8
Armor: Scale mail        |    42 |    71 |    62 ||   175
Dodge: Dodged            |    28 |    65 |    76 ||   169
Block: Buckler           |    20 |    38 |    38 ||    96

Table legend: (Time is in decaauts)
 A = Elapsed time spent in this place.
 B = Non-inter-level travel time spent in this place.
 C = Inter-level travel time spent in this place.
 D = Time resting spent in this place.
 E = Time spent auto-exploring this place.
 F = Levels seen in this place.
 G = Mean time per level.
                   A        B        C        D        E       F      G
               +--------+--------+--------+--------+--------+-----+--------+
         Total |   1994 |   1946 |     48 |      0 |      1 |   5 |  398.8 |
       Dungeon |   1994 |   1946 |     48 |      0 |      1 |   5 |  398.8 |
               +--------+--------+--------+--------+--------+-----+--------+

Top non-repeatable levels by time:
     D:5: 587 daAuts
     D:4: 575 daAuts
     D:2: 370 daAuts
     D:1: 266 daAuts
     D:3: 194 daAuts
